 Dungeon Crawl Stone Soup version 0.32-a0-13-gbaedc5810e (webtiles) character file.

Game seed: 3562578918904699165

210 Bnni the Apothecary (level 5, 0/35 HPs)
             Began as an Octopode Alchemist on Jan 15, 2024.
             Slain by a gnoll
             ... wielding a +0 club
              (7 damage)
             ... on level 3 of the Dungeon.
             The game lasted 00:06:37 (2353 turns).

Bnni the Apothecary (Octopode Alchemist)            Turns: 2353, Time: 00:06:37

Health: 0/35       AC:  1    Str:  8    XL:     5   Next: 88%
Magic:  6/9        EV: 13    Int: 19    God:
Gold:   120        SH:  0    Dex: 12    Spells: 7/10 levels left

rFire   . . .        b - +2 dagger (venom)
rCold   . . .        (no shield)
rNeg    . . .        g - +0 hat
rPois   .            (no amulet)
rElec   .            (no ring)
rCorr   .            (no ring)
SInv    .            (no ring)
Will    .....        (no ring)
Stlth   +++          (no ring)
HPRegen 0.25/turn    (no ring)
MPRegen 0.11/turn    (no ring)
                     (no ring)

%: no passive effects
@: no status effects
A: almost no armour, amphibious, 8 rings, camouflage 1, gelatinous body 1,
(nimble swimmer 1), tentacles
a: no special abilities


You were on level 3 of the Dungeon.
You visited 1 branch of the dungeon, and saw 3 of its levels.

You collected 120 gold pieces.

Inventory:

Hand Weapons
 b - a +2 dagger of venom (weapon)
Missiles
 c - 5 curare-tipped darts
Armour
 g - a +0 hat (worn)
Jewellery
 i - a +4 ring of protection
Scrolls
 d - a scroll of poison
 e - a scroll of silence {unknown}
 j - a scroll of blinking {unknown}


   Skills:
 + Level 2.4 Fighting
 - Level 2.0 Dodging
 - Level 2.6 Stealth
 + Level 3.1 Spellcasting
 - Level 1.0 Conjurations
 * Level 5.4 Alchemy


You had 7 spell levels left.
You knew the following spells:

 Your Spells              Type           Power      Damage    Failure   Level
a - Sting                 Conj/Alch      60%        1d6       4%          1
b - Mercury Vapours       Alch/Air       26%        N/A       8%          2

Your spell library contained the following spells:

 Spells                   Type           Power      Damage    Failure   Level
 Apportation              Tloc           6%         N/A       16%         1
 Necrotise                Necr           12%        1d4       16%         1
 Sandblast                Erth           6%         2d5       16%         1
 Summon Small Mammal      Summ           12%        N/A       16%         1
 Olgreb's Toxic Radiance  Alch           23%        N/A       16%         4
 Mephitic Cloud           Conj/Alch/Air  11%        N/A       19%         3
 Ensorcelled Hibernation  Hex/Ice        6%         N/A       22%         2
 Stone Arrow              Conj/Erth      8%         3d7       36%         3
 Fugue of the Fallen      Necr           3%         N/A       41%         3
 Passwall                 Erth           3%         N/A       41%         3
 Sticky Flame             Fire/Alch      13%        2d5       43%         4
 Brom's Barrelling Bould  Conj/Erth      4%         2d3       77%         4
 Anguish                  Hex/Necr       1%         N/A       83%         4


Dungeon Overview and Level Annotations

Branches:
Dungeon (3/15)

Altars:
Sif Muna
Wu Jian


Innate Abilities, Weirdness & Mutations

You cannot wear most types of armour.
You are amphibious.
You can wear up to eight rings at the same time.
Your skin changes colour to match your surroundings (Stealth+).
Your rubbery body absorbs attacks. (AC +1, EV +1)
((You are camouflaged when in or above water. (Stealth+)))
You have tentacles for arms and can constrict up to eight enemies at once.


Message History

Aiming: Sting (safe; 4% risk of failure)
Press: ? - help, Q - select action, (/) - cycle Shift-Dir - straight line, f/p - gnoll
Aim: a gnoll, wielding a +0 halberd (heavily wounded, very poisoned, weak, 77% to hit)
The sting hits the gnoll.
The gnoll looks even sicker.
The gnoll is almost dead.
You kill the gnoll!
Unknown command.
Aiming: Sting (safe; 4% risk of failure)
Press: ? - help, Q - select action, (/) - cycle Shift-Dir - straight line, f - gnoll
Aim: a gnoll, wielding a +0 club (weak, 77% to hit)
The sting misses the gnoll.
The sting hits the gnoll.
The gnoll is poisoned.
The gnoll is moderately wounded.
Unknown command.
You don't have enough magic to cast this spell.
Unknown command.
Unknown command.
You don't have enough magic to cast this spell.
Unknown command.
Magic courses through your body. The gnoll hits you with a +0 club.
* * * LOW HITPOINT WARNING * * *
Casting: Sting (safe; 4% risk of failure)
Confirm with . or Enter, or press ? or * to list all spells.
Aiming: Mercury Vapours (safe; 8% risk of failure)
Press: ? - help, Dir - move target, f - gnoll, p - gnoll
Aim: a gnoll, wielding a +0 spear (moderately wounded, poisoned, chance to weaken: 100%) Fumes of mercury billow around the gnoll!
The gnoll looks even sicker.
The gnoll looks weaker.
The gnoll is no longer weakened.
The gnoll hits you from afar with a +0 spear.
* * * LOW HITPOINT WARNING * * *
The gnoll barely misses you.
Unknown command.
Unknown command.
Aiming: Sting (safe; 4% risk of failure)
Press: ? - help, Q - select action, (/) - cycle Shift-Dir - straight line, f/p - gnoll
Aim: a gnoll, wielding a +0 spear (moderately wounded, very poisoned, weak, 77% to hit)
The sting hits the gnoll.
The gnoll is poisoned.
The gnoll is lightly wounded.
The gnoll closely misses you. The gnoll hits you with a +0 club!
You die...

## ###.# #.# #...# #.#
###### #..<# #.#
.....###...###########.#
.....+.'...+...........#####
.....###...#....#####......#
.......'...#....# #...##.#
.......#...#....#####...#
..†..#.#........@gg...>.#
######.##############...#
...#§#.#§# ####..g#
..####.#### #......#
..#§#._.#§# #.###g.#
..###...### # #..# ### #####
#g.# # #§#### #..# #
######..# #..#


You could see 2 gnolls.

Vanquished Creatures
  A bombardier beetle (D:3)
  An orc priest (D:3)
  2 orc wizards (D:3)
  2 gnolls (D:3)
  An adder (D:3)
  2 dart slugs (D:2)
  7 orcs (D:3)
  2 bats
  4 endoplasms
  3 giant cockroaches
  A goblin (D:2)
  9 hobgoblins
  5 quokkas
  7 ball pythons
  3 frilled lizards
  3 kobolds
  4 rats
57 creatures vanquished.

Notes
Turn   | Place    | Note
-------+----------+-------------------------------------------
     0 | D:1      | Bnni the Octopode Alchemist began the quest for the Orb.
     0 | D:1      | Reached XP level 1. HP: 11/11 MP: 3/3
   170 | D:1      | Reached XP level 2. HP: 13/18 MP: 3/5
   503 | D:1      | Reached skill level 1 in Fighting
   506 | D:1      | Learned a level 2 spell: Mercury Vapours
   778 | D:2      | Reached XP level 3. HP: 22/23 MP: 4/6
   784 | D:2      | Reached skill level 4 in Alchemy
  1756 | D:3      | Reached XP level 4. HP: 29/29 MP: 2/8
  1912 | D:3      | Reached XP level 5. HP: 24/34 MP: 2/9
  2026 | D:3      | Reached skill level 5 in Alchemy
  2121 | D:3      | Found a shimmering blue altar of Sif Muna.
  2251 | D:3      | Found an ornate altar of the Wu Jian Council.
  2353 | D:3      | Slain by a gnoll

Illustrated notes

Levels and vault maps discovered:
D:1:      minmay_arrival_four_circles, layout_rooms
D:2:      layout_basic, serial_forest, infiniplex_forest_corner_1,
          infiniplex_forest_lined_3_way, infiniplex_forest_straight_2,
          infiniplex_forest_side_room, infiniplex_forest_clump_curved,
          infiniplex_forest_fountain, hex_tiny
D:3:      layout_basic, grunt_temple_overflow_gold_and_silver,
          pdpol_wu_jian_five_deadly_venoms, mainiacjoe_overflow_chevrons,
          uniq_jessica, uniq_grinder

Skill      XL: |  1  2  3  4  5 |
---------------+----------------+-----
Fighting       | 1 2 |  2.4
Alchemy        | 4 5 |  5.4
Spellcasting   | 3 |  3.1
Dodging        | |  2.0
Stealth        | |  2.6
Conjurations   | |  1.0

Action                     |  1- 3 |  4- 6 || total
---------------------------+-------+-------++-------
  Melee: Short sword       |    20 |       ||    20
         Tentacles         |     8 |     5 ||    13
         Constrict         |     6 |     6 ||    12
         Punch             |     1 |     1 ||     2
         Dagger            |    12 |    24 ||    36
   Cast: Sting             |    51 |    28 ||    79
         Mercury Vapours   |       |     5 ||     5
    Use: Scroll            |     3 |       ||     3
         Potion            |       |     2 ||     2
   Stab: Sleeping          |     1 |       ||     1
 Armour: Skin              |    14 |    25 ||    39
  Dodge: Dodged            |    19 |    22 ||    41

Table legend: (Time is in decaauts)
 A = Elapsed time spent in this place.
 B = Non-inter-level travel time spent in this place.
 C = Inter-level travel time spent in this place.
 D = Time resting spent in this place.
 E = Time spent auto-exploring this place.
 F = Levels seen in this place.
 G = Mean time per level.
                   A        B        C        D        E       F      G
               +--------+--------+--------+--------+--------+-----+--------+
         Total |   2350 |   2258 |     92 |     69 |   1801 |   3 |  783.3 |
       Dungeon |   2350 |   2258 |     92 |     69 |   1801 |   3 |  783.3 |
               +--------+--------+--------+--------+--------+-----+--------+

Top non-repeatable levels by time:
     D:2: 964 daAuts
     D:1: 772 daAuts
     D:3: 614 daAuts
